 Dungeon Crawl Stone Soup version 0.25-a0-547-g27a0b5d1ef (webtiles) character file.

Game seed: 5022393038414074856, levelgen mode: deterministic

2918 Irikuri the Slicer (level 9, -5/74 HPs)
             Began as a Minotaur Gladiator on Feb 21, 2020.
             Was a Believer of the Shining One.
             Slain by a killer bee (10 damage)
             ... on level 8 of the Dungeon.
             The game lasted 00:37:14 (3852 turns).

Irikuri the Slicer (Minotaur Gladiator)             Turns: 3852, Time: 00:37:15

Health: -5/74      AC: 10    Str: 20    XL:     9   Next: 50%
Magic:  8/8        EV:  6    Int:  5    God:    the Shining One [**....]
Gold:   281        SH: 18    Dex: 14    Spells: 8/8 levels left

rFire    . . .     SeeInvis .   y - +5 rapier (flame)
rCold    . . .     Gourm    .   n - +0 tower shield
rNeg     + + .     Faith    .   e - +1 chain mail
rPois    .         Spirit   .   c - +0 hat
rElec    .         Reflect  +   (no cloak)
rCorr    .         Harm     .   (no gloves)
MR       .....                  (no boots)
Stlth    ..........             v - +2 amulet of reflection
HPRegen  0.22/turn              m - ring of positive energy
MPRegen  0.11/turn              k - +5 ring of slaying

@: lethally poisoned (-5 -> -13), glowing
A: retaliatory headbutt, horns 2
a: Divine Shield, Renounce Religion


You were on level 8 of the Dungeon.
You worshipped the Shining One.
The Shining One was pleased with you.
You were not hungry.

You visited 1 branch of the dungeon, and saw 9 of its levels.
You also visited: Ossuary.

You collected 281 gold pieces.

Inventory:

Hand Weapons
 a - a +0 long sword
 h - a +1 whip of electrocution
 i - a +0 spear
 l - a +0 mace
 r - a +0 falchion
 s - a +0 hand axe
 x - the +6 hunting sling of the Spheres {freeze, Int+4}
   (You found it on level 4 of the Dungeon)

   It causes projectiles fired from it to freeze those they strike, causing
   extra injury to most foes and up to half again as much damage against
   particularly susceptible opponents.
   They can also slow down cold-blooded creatures.
   It affects your intelligence (+4).
 y - a +5 rapier of flaming (weapon)
Missiles
 d - 3 throwing nets
 p - 4 javelins (quivered)
 F - 16 boomerangs
 H - 81 stones
Armour
 c - a +0 hat (worn)
 e - a +1 chain mail (worn)
 n - a +0 tower shield (worn)
 q - a +0 ring mail
 C - a +0 robe
 D - a +0 robe
Jewellery
 j - a +1 ring of evasion
 k - a +5 ring of slaying (right hand)
 m - a ring of positive energy (left hand)
 t - an uncursed amulet of the gourmand
 v - a +2 amulet of reflection (around neck)
 E - an uncursed ring of fire
 J - an uncursed ring of poison resistance
 K - an uncursed ring of fire
Wands
 u - a wand of digging (7)
 Q - a wand of acid (4)
Scrolls
 b - 3 scrolls of magic mapping
 g - 4 scrolls of remove curse
 o - 5 scrolls of identify
 w - 3 scrolls of teleportation
 L - a scroll of blinking {unknown}
 O - a scroll of amnesia {unknown}
 P - a scroll of enchant weapon
 R - a scroll of torment {unknown}
Potions
 z - 2 potions of curing
 B - a potion of haste {unknown}
 G - 2 potions of might {unknown}
 I - 2 potions of brilliance {unknown}
 N - 2 potions of heal wounds
Comestibles
 f - 11 rations


   Skills:
 + Level 5.6 Fighting
 + Level 8.0(8.8) Short Blades
 + Level 6.1(8.3) Long Blades
 - Level 1.8 Maces & Flails
 + Level 0.4(2.0) Slings
 + Level 2.9 Throwing
 + Level 5.1 Armour
 + Level 4.9 Dodging
 + Level 0.5 Stealth
 + Level 7.7 Shields


You had 8 spell levels left.
You didn't know any spells.
Your spell library was empty.

Dungeon Overview and Level Annotations

Branches:
Dungeon (9/15)             Temple (0/1) D:6         Ossuary (visited)
   Lair: D:8-11         Orc: D:9-12

Altars:
Dithmenos
Fedhas
Gozag
Sif Muna
Uskayaw
The Shining One


Innate Abilities, Weirdness & Mutations

You reflexively headbutt those who attack you in melee.
You have a pair of horns on your head.


Message History

The killer bee stings you but does no damage.
You block the killer bee's attack. The killer bee barely misses you.
You block the killer bee's attack.
The wyvern zombie bites you but does no damage.
The queen bee calls on the killer bee to defend it!
The killer bee goes berserk!
The killer bee stings you but does no damage.
The killer bee barely misses you. You block the killer bee's attack.
The orc wizard begins to cast a cantrip, but forgets the words!
The orc warrior completely misses you. The killer bee stings you!
You feel sick. You block the killer bee's attack. The killer bee stings you!
* * * LOW HITPOINT WARNING * * *
You block the killer bee's attack. The killer bee stings you!
* * * LOW HITPOINT WARNING * * *
The killer bee barely misses you. You furiously retaliate!
You headbutt the killer bee, but do no damage.
The wyvern zombie bites you.
* * * LOW HITPOINT WARNING * * *
The killer bee stings you!
You die...

.#...............
##................
.####.....o...........
....=................
#....##+##†o.###..##
#####....##.##.†.###+###
...............<.......#
#..Zyyoo............#
#..y@yo.............#
##.y##...#######.####
### #...# .# #...... .
#......# .. #......+ ..
#......# .....#


You could see a queen bee, an orc warrior, 4 killer bees, an orc wizard, an orc
and a wyvern zombie.

Vanquished Creatures
  The ghost of emiel the Chopper, an amateur KoFi (D:4)
  Duvessa (D:6)
  2 ice beasts
  2 sky beasts (D:6)
  An orc warrior (D:6)
  2 ogres
  A black bear (D:8)
  A centaur (D:7)
  A big kobold (D:7)
  2 elf zombies (Ossuary)
  2 bullfrogs (D:8)
  A scorpion (D:6)
  Dowan (D:6)
  9 killer bees
  3 howler monkeys (D:7)
  A crimson imp (D:5)
  A quasit (D:6)
  A bullfrog zombie (D:6)
  2 jellies
  An orc priest (D:6)
  2 hounds
  8 orc wizards
  An iguana (D:5)
  2 human zombies (Ossuary)
  Natasha (twice) (D:3)
  3 worker ants
  2 centaur simulacra (D:4)
  A hound zombie (Ossuary)
  4 mummies (Ossuary)
  4 adders
  A worker ant simulacrum (D:4)
  An ooze (D:1)
  2 worms
  A dart slug (D:5)
  A leopard gecko (D:1)
  19 orcs
  3 giant cockroaches
  3 goblins
  5 hobgoblins (D:1)
  6 jackals
  2 quokkas
  2 ball pythons
  7 bats
  2 frilled lizards
  2 goblin zombies (D:4)
  A hobgoblin zombie (Ossuary)
  A jackal zombie (Ossuary)
  12 kobolds
  2 orc zombies (Ossuary)
  A quokka zombie (D:5)
  7 rats
  3 rat zombies (Ossuary)
149 creatures vanquished.

Notes
Turn   | Place    | Note
-------+----------+-------------------------------------------
     0 | D:1      | Irikuri the Minotaur Gladiator began the quest for the Orb.
     0 | D:1      | Reached XP level 1. HP: 18/18 MP: 0/0
   137 | D:1      | Reached XP level 2. HP: 25/25 MP: 1/1
   430 | D:1      | Reached XP level 3. HP: 30/30 MP: 2/2
   775 | D:3      | Noticed Natasha
   788 | D:3      | Killed Natasha
   788 | D:3      | Reached skill level 5 in Long Blades
   788 | D:3      | Reached XP level 4. HP: 24/37 MP: 3/3
   790 | D:3      | Reached skill level 1 in Shields
   794 | D:3      | Reached skill level 1 in Armour
   896 | D:3      | Noticed Natasha
   903 | D:3      | Killed Natasha
   903 | D:3      | Reached XP level 5. HP: 24/44 MP: 4/4
  1033 | D:3      | Found a glowing golden altar of the Shining One.
  1041 | D:3      | Became a worshipper of the Shining One
  1233 | D:4      | Found a sand-covered staircase.
  1247 | Ossuary  | Entered an ossuary
  1247 | Ossuary  | Reached * piety under the Shining One
  1257 | Ossuary  | Reached XP level 6. HP: 38/51 MP: 5/5
  1269 | Ossuary  | Reached skill level 1 in Maces & Flails
  1580 | D:4      | Found a hide-covered altar of Uskayaw.
  1584 | D:4      | Reached XP level 7. HP: 57/57 MP: 6/6
  1636 | D:4      | Reached skill level 1 in Short Blades
  1716 | D:4      | Reached ** piety under the Shining One
  1717 | D:4      | Noticed emiel's ghost (amateur KoFi)
  1738 | D:4      | Got a twisted hunting sling
  1747 | D:4      | Identified the +6 hunting sling of the Spheres {freeze,
                  | Int+4} (You found it on level 4 of the Dungeon)
  1836 | D:4      | Found a runed translucent gate.
  1836 | D:4      | Found a runed translucent gate.
  1836 | D:4      | Found a runed translucent gate.
  1852 | D:4      | Reached skill level 2 in Short Blades
  1860 | D:4      | Killed emiel's ghost
  1860 | D:4      | Reached skill level 3 in Short Blades
  1860 | D:4      | Reached skill level 5 in Shields
  2137 | D:5      | Entered Level 5 of the Dungeon
  2188 | D:5      | Reached XP level 8. HP: 61/66 MP: 7/7
  2292 | D:5      | Found an opulent altar of Gozag.
  2438 | D:5      | Reached skill level 4 in Short Blades
  2564 | D:6      | Reached skill level 5 in Short Blades
  2570 | D:6      | HP: 1/66 [orc warrior/+0 trident (14)]
  2987 | D:6      | Reached skill level 6 in Short Blades
  3074 | D:6      | Found a blossoming altar of Fedhas.
  3080 | D:6      | Found a staircase to the Ecumenical Temple.
  3119 | D:6      | Noticed Dowan
  3125 | D:6      | Killed Dowan
  3128 | D:6      | Noticed Duvessa
  3138 | D:6      | Killed Duvessa
  3166 | D:6      | Found a shimmering blue altar of Sif Muna.
  3270 | D:7      | Reached skill level 5 in Fighting
  3270 | D:7      | Reached XP level 9. HP: 74/74 MP: 8/8
  3351 | D:7      | Reached skill level 5 in Armour
  3376 | D:7      | Reached skill level 7 in Short Blades
  3467 | D:8      | Found a shadowy altar of Dithmenos.
  3563 | D:8      | Noticed a queen bee
  3567 | D:9      | Reached skill level 8 in Short Blades
  3852 | D:8      | Slain by a killer bee

Levels and vault maps discovered:
D:1:      scummos_arrival_simple_fountains, layout_loops_cross, st_stairs_10,
          minmay_hexomino_c4
D:2:      layout_rooms, kennysheep_pointless_box, minmay_misc_feat_rows
D:3:      layout_loops_ring, tso_altar, uniq_crazy_yiuf_cottage, uniq_natasha
D:4:      layout_loops_ring, eat_drink_and_be_merry_uskayaw, first_ration,
          gammafunk_ghost_icy, enter_ossuary_4
D:5:      layout_loops_ring, grunt_gozag_statues
D:6:      layout_loops_ring, kennysheep_mini, lemuel_doored_altar,
          minmay_temple_entry_stoned_glass, basic_altar, tgw_sif, uniq_duvessa
D:7:      layout_cave_pods, serial_shops, kennysheep_little_box
D:8:      layout_gridville, old_standard_altar,
          chequers_temple_overflow_statue_of_worship, serial_glass,
          glass_columns_a, glass_columns_a, glass_columns_b, glass_columns_a,
          glass_columns_b, glass_columns_b, david_nohive_1
D:9:      layout_loops_ring, lair_entry_dummy, david_orc_5

Skill      XL: |  1  2  3  4  5  6  7  8  9 |
---------------+----------------------------+-----
Long Blades    | 4 5 6 |  6.1
Dodging        | 4 |  4.9
Shields        | 1 3 4 5 6 7 |  7.7
Armour         | 1 2 3 4 5 |  5.1
Fighting       | 3 4 5 |  5.6
Maces & Flails | 1 |  1.8
Short Blades   | 3 6 8 |  8.0
Slings         | |  0.4
Throwing       | |  2.9
Stealth        | |  0.5

Action                   |  1- 3 |  4- 6 |  7- 9 || total
-------------------------+-------+-------+-------++-------
Melee: Long sword        |    82 |    37 |       ||   119
       Headbutt          |    11 |    17 |    24 ||    52
       Spear             |     1 |       |       ||     1
       Whip              |       |    39 |       ||    39
       Rapier            |       |    15 |   161 ||   176
       Hunting sling     |       |       |     3 ||     3
 Fire: Hunting sling     |       |       |     2 ||     2
Throw: Javelin           |       |     1 |     4 ||     5
  Use: Scroll            |     5 |     1 |     5 ||    11
       Potion            |     3 |     1 |     3 ||     7
  Eat: Chunk             |       |     3 |     7 ||    10
Armor: Chain mail        |    53 |    58 |    69 ||   180
Dodge: Dodged            |    28 |    23 |    43 ||    94
Block: Tower shield      |    45 |    86 |   181 ||   312
       Reflection        |       |       |     3 ||     3
       Rpst.: Long sword |     5 |     1 |       ||     6

Table legend:
 A = Non-vault XP
 B = Vault XP
 C = Vault XP percentage of total XP
 D = Non-vault monster count
 E = Vault monster count
 F = Vault count percentage of total count
                 A         B        C        D         E       F
            +---------+---------+-------+---------+---------+-------
      Total |    2495 |    1674 |  40.2 |     102 |      47 |  31.5
            +---------+---------+-------+---------+---------+-------
        D:1 |      24 |      21 |  46.7 |      13 |      11 |  45.8
        D:2 |      34 |       0 |   0.0 |      13 |       0 |   0.0
        D:3 |     186 |      35 |  15.8 |      14 |       1 |   6.7
        D:4 |     189 |     436 |  69.8 |      16 |       7 |  30.4
        D:5 |     188 |       0 |   0.0 |      10 |       0 |   0.0
        D:6 |    1023 |     249 |  19.6 |      19 |       3 |  13.6
        D:7 |     512 |       0 |   0.0 |      13 |       0 |   0.0
        D:8 |     339 |     377 |  52.7 |       4 |       6 |  60.0
        D:9 |       0 |     183 | 100.0 |       0 |       3 | 100.0
    Ossuary |       0 |     373 | 100.0 |       0 |      16 | 100.0
            +---------+---------+-------+---------+---------+-------
